 Dungeon Crawl Stone Soup version 0.27-a0-795-ge5c3fa52fd (webtiles) character file.

Game seed: 15793631178976573364

55 Flubber the Shield-Bearer (level 4, -4/28 HPs)
             Began as a Kobold Fighter on Mar 26, 2021.
             Succumbed to Sigmund's poison
             ... on level 2 of the Dungeon.
             The game lasted 00:04:43 (1648 turns).

Flubber the Shield-Bearer (Kobold Fighter)          Turns: 1648, Time: 00:04:43

Health: -4/28      AC:  7    Str: 14    XL:     4   Next: 14%
Magic:  4/4        EV: 12    Int:  9    God:
Gold:   119        SH:  0    Dex: 14    Spells: 3/3 levels left

rFire    . . .     SeeInvis .   j - +2 dagger (drain)
rCold    . . .     Faith    .   c - +1 buckler
rNeg     . . .     Spirit   .   o - +0 ring mail
rPois    .         Reflect  .   (no helmet)
rElec    .         Harm     .   l - +0 cloak
rCorr    .         Rampage  .   (no gloves)
Will     .....                  e - +0 pair of boots
Stlth    +.........             (no amulet)
HPRegen  0.09/turn              i - ring of flight
MPRegen  0.09/turn              (no ring)

@: confused, lethally poisoned (-4 -> -17), hasted, very quick
A: small, no large weapons, nightstalker 3
a: Evoke Flight


You were on level 2 of the Dungeon.
You visited 1 branch of the dungeon, and saw 2 of its levels.

You collected 119 gold pieces.

Inventory:

Hand Weapons
 a - a +0 rapier
 j - a +2 dagger of draining (weapon)
Missiles
 m - 18 bolts
Armour
 b - a +0 scale mail
 c - a +1 buckler (worn)
 e - a +0 pair of boots (worn)
 l - a +0 cloak (worn)
 o - a +0 ring mail (worn)
Jewellery
 i - a ring of flight (left hand)
Scrolls
 n - a scroll of torment {unknown}
Potions
 d - 2 potions of might
 f - a potion of haste
 g - a potion of attraction {unknown}
 h - 2 potions of degeneration {unknown}
 k - a potion of invisibility {unknown}
 p - a potion of curing {unknown}


   Skills:
 - Level 3.2 Fighting
 * Level 3.2 Short Blades
 - Level 2.4 Armour
 + Level 3.7 Shields


You had 3 spell levels left.
You didn't know any spells.
Your spell library contained the following spells:

 Spells                   Type           Power      Damage    Failure   Level
 Magic Dart               Conj           0%         1d3       67%         1
 Blink                    Tloc           N/A        N/A       82%         2
 Call Imp                 Summ           0%         N/A       82%         2
 Slow                     Hex            0%         N/A       82%         2
 Conjure Flame            Conj/Fire      0%         6-21      96%         3
 Mephitic Cloud           Conj/Pois/Air  0%         N/A       96%         3


Dungeon Overview and Level Annotations

Branches:
Dungeon (2/15)

Altars:

Shops:
D:2 (

Annotations:
D:2 Sigmund


Innate Abilities, Weirdness & Mutations

You are small and have problems with some larger weapons.
You are completely attuned to the shadows.


Message History

p - a murky green potion A rat and Sigmund come into view.
Sigmund is wielding a +0 scythe of venom.
Sigmund shouts!
Sigmund closely misses you. Sigmund barely misses you.
You completely miss Sigmund. Sigmund misses you.
You hit Sigmund.
Sigmund is lightly wounded.
Sigmund gestures at you while chanting. You resist with some effort.
You barely miss Sigmund.
Sigmund is lightly wounded.
Sigmund gestures at you while chanting.
The puff of flame hits you but does no damage.
You barely miss Sigmund.
Sigmund is lightly wounded.
Sigmund points at you and mumbles some strange words.
You are confused.
You are too confused!
You are too confused!
You are too confused!
You are too confused!
You hit Sigmund but do no damage.
Sigmund is lightly wounded.
Sigmund says, "Your kind have come here before.
I understand now why.
You desire death..."
Sigmund completely misses you.
Sigmund hits you from afar with a +0 scythe of venom!
You are lethally poisoned!
You bump into the rock wall.
Ouch! That really hurt!
* * * LOW HITPOINT WARNING * * *
You feel extremely sick. Sigmund closely misses you.
You're too confused to move!
* * * LOW HITPOINT WARNING * * *
You feel sick. Sigmund hits you but does no damage.
You are more poisoned.
It was a potion of haste.
You feel yourself speed up.
You die...

###..#######.......#
#.># ##.....## #####
#########...
#)..###.........##
#.......#########
#...##### #......
#+###.##### #.r@.@#
#######


You could see Sigmund and a rat.

Vanquished Creatures
  An adder (D:2)
  A worm (D:2)
  A dart slug (D:1)
  2 endoplasms
  2 giant cockroaches (D:1)
  5 hobgoblins
  6 jackals
  2 quokkas
  4 ball pythons
  2 bats
  4 goblins
  3 kobolds
  5 rats
38 creatures vanquished.

Notes
Turn   | Place    | Note
-------+----------+-------------------------------------------
     0 | D:1      | Flubber the Kobold Fighter began the quest for the Orb.
     0 | D:1      | Reached XP level 1. HP: 14/14 MP: 1/1
   199 | D:1      | Reached XP level 2. HP: 19/19 MP: 2/2
   564 | D:1      | Reached XP level 3. HP: 20/22 MP: 3/3
  1260 | D:2      | Found Ojotzoz's Weapon Emporium.
  1307 | D:2      | Reached XP level 4. HP: 27/28 MP: 4/4
  1638 | D:2      | Noticed Sigmund
  1648 | D:2      | Succumbed to Sigmund's poison

Illustrated notes

Levels and vault maps discovered:
D:1:      denvon_arrival_planthouse, layout_basic, minmay_close_crescents
D:2:      layout_rooms, serial_shops, shop, okawaru_altar_gauntlet_db,
          uniq_sigmund

Skill      XL: |  1  2  3 |
---------------+----------+-----
Shields        | 3 |  3.7
Short Blades   | 3 |  3.2
Fighting       | |  3.2
Armour         | |  2.4

Action                   |  1- 3 |  4- 6 || total
-------------------------+-------+-------++-------
Melee: Rapier            |    21 |       ||    21
       Dagger            |    76 |    13 ||    89
  Use: Scroll            |     2 |       ||     2
       Potion            |       |     1 ||     1
Armor: Scale mail        |    28 |       ||    28
       Ring mail         |       |     3 ||     3
Dodge: Dodged            |    46 |     8 ||    54
Block: Buckler           |    23 |     1 ||    24

Table legend: (Time is in decaauts)
 A = Elapsed time spent in this place.
 B = Non-inter-level travel time spent in this place.
 C = Inter-level travel time spent in this place.
 D = Time resting spent in this place.
 E = Time spent auto-exploring this place.
 F = Levels seen in this place.
 G = Mean time per level.
                   A        B        C        D        E       F      G
               +--------+--------+--------+--------+--------+-----+--------+
         Total |   1641 |   1572 |     69 |    102 |   1245 |   2 |  820.5 |
       Dungeon |   1641 |   1572 |     69 |    102 |   1245 |   2 |  820.5 |
               +--------+--------+--------+--------+--------+-----+--------+

Top non-repeatable levels by time:
     D:1: 1043 daAuts
     D:2: 597 daAuts
